 Dungeon Crawl Stone Soup version 0.30-a0-341-g6827065 (webtiles) character file.

Game seed: 950053696080590262

905 Dorkslayer the Covert (level 8, 0/51 HPs)
             Began as an Octopode Brigand on Nov 3, 2022.
             Was an Initiate of Gozag.
             Succumbed to a killer bee's poison
             ... on level 5 of the Dungeon.
             The game lasted 00:11:50 (4154 turns).

Dorkslayer the Covert (Octopode Brigand)            Turns: 4154, Time: 00:11:50

Health: 0/51       AC:  1    Str: 21    XL:     8   Next: 8%
Magic:  11/11      EV: 13    Int: 14    God:    Gozag
Gold:   451        SH:  5    Dex: 12    Spells: 12/12 levels left

rFire   . . .      SeeInvis .    a - +3 dagger
rCold   . . .      Faith    .    (no shield)
rNeg    . . .      Spirit   .    (helmet restricted)
rPois   .          Reflect  +    v - amulet of reflection
rElec   .          Harm     .    r - +6 ring of strength
rCorr   .          Rampage  .    (no ring)
Will    +....                    (no ring)
Stlth   +++++.....               (no ring)
HPRegen 0.28/turn                (no ring)
MPRegen 0.12/turn                (no ring)
                                 (no ring)
                                 (no ring)

@: lethally poisoned (0 -> -6), gold aura
A: almost no armour, amphibious, 8 rings, camouflage 1, gelatinous body 1,
(nimble swimmer 1), tentacles, tentacle spike 1, strong-willed 1, strong 1, wild
magic 1
a: Renounce Religion, Potion Petition, Call Merchant, Bribe Branch


You were on level 5 of the Dungeon.
You worshipped Gozag.
Gozag was aware of your devotion.
You visited 1 branch of the dungeon, and saw 5 of its levels.

You collected 519 gold pieces.
You paid 68 gold pieces to Gozag.

Inventory:

Hand Weapons
 a - a +3 dagger (weapon)
Missiles
 b - 27 poisoned darts
 c - a curare-tipped dart (quivered)
Jewellery
 r - a +6 ring of strength (left tentacle)
 v - an amulet of reflection (around mantle)
Wands
 p - a wand of polymorph (13)
Scrolls
 e - 2 scrolls of fog
 f - a scroll of magic mapping
 k - a scroll of vulnerability
 l - a scroll of immolation
 n - 2 scrolls of teleportation
Potions
 h - a potion of mutation
 t - a potion of haste


   Skills:
 + Level 2.9 Fighting
 + Level 3.7 Short Blades
 + Level 2.6 Throwing
 + Level 2.4 Dodging
 + Level 8.7 Stealth
 + Level 0.5 Shields
 * Level 3.1 Unarmed Combat
 * Level 2.6 Spellcasting
 * Level 2.9 Evocations


You had 12 spell levels left.
You didn't know any spells.
Your spell library contained the following spells:

 Spells                   Type           Power      Damage    Failure   Level
 Necrotise                Necr           8%         1d4       30%         1
 Inner Flame              Hex/Fire       2%         N/A       65%         3
 Vampiric Draining        Necr           2%         2d6       65%         3
 Flame Wave               Conj/Fire      2%         2d4       95%         4
 Sticky Flame             Conj/Fire      2%         2d3       95%         4
 Agony                    Necr           2%         N/A       100%        5


Dungeon Overview and Level Annotations

Branches:
Dungeon (5/15)
 Temple: D:4-7

Altars:
Gozag
Uskayaw
Yredelemnul

Shops:
D:2 :   D:5 *


Innate Abilities, Weirdness & Mutations

You cannot wear most types of armour.
You are amphibious.
You can wear up to eight rings at the same time.
Your skin changes colour to match your surroundings (Stealth+).
Your rubbery body absorbs attacks. (AC +1, EV +1)
((You are camouflaged when in or above water. (Stealth+)))
You have tentacles for arms and can constrict up to eight enemies at once.
One of your tentacles bears a spike.
You are strong-willed. (Will+)
Your muscles are strong. (Str +4, Int/Dex -1)
Your spells are a little harder to cast, but a little more powerful.


Message History

You are more poisoned.
The killer bee poisons you!
You hit the killer bee. You squeeze the killer bee.
You kill the killer bee!
You feel very sick.
A hound comes into view.
You feel sick.
You see here 7 gold pieces.
You feel sick.
The killer bee is no longer distracted by gold.
You feel sick.
You feel sick.
A phantom comes into view.
The killer bee stings you.
You barely miss the killer bee. Your grab misses the killer bee.
Your squeeze misses the killer bee.
You feel sick. The killer bee closely misses you.
You closely miss the killer bee. Your grab misses the killer bee.
Your tentacle spike misses the killer bee.
Your squeeze misses the killer bee.
You feel sick. The killer bee stings you. The killer bee stings you!
You are more poisoned.
The killer bee poisons you!
You barely miss the killer bee. Your grab misses the killer bee.
Your tentacle spike misses the killer bee.
You squeeze the killer bee.
The killer bee is lightly wounded.
You feel sick. The killer bee stings you!
* * * LOW HITPOINT WARNING * * *
The killer bee stings you.
* * * LOW HITPOINT WARNING * * *
Unknown command.
You miss the killer bee. Your grab misses the killer bee.
The killer bee is lightly wounded.
* * * LOW HITPOINT WARNING * * *
You feel sick. You block the killer bee's attack.
You hit the killer bee. Your grab misses the killer bee.
The killer bee is moderately wounded.
You die...
Your body crumbles into a pile of gold.

#.#### ....# #.#..
#...# #.#.# # #...#
#.#.# . #.##)..###
#########.#.## #..
...J...
.............> ....#
#...# #######.#.#...
......##...#######
#.#.###.
......$$.WhJy@...##
#.#.....
##....$#########..##
#.#####. #...§§
##..# #.# #. #.....
##.# #.# #. #..<..
#####.####.#####'
#.....
#.......##.......
#.....
#.....#.##.......
#.....
#.....#..#.......
#.....##.#..∩....


You could see a phantom, a hound, a jelly and a killer bee.

Vanquished Creatures
  The ghost of antrollian the Slasher, a novice TeGl of Uskayaw (D:4)
  An ogre (D:4)
  A phantom (D:5)
  A scorpion (D:5)
  4 killer bees (D:5)
  A hound (D:4)
  3 iguanas
  10 adders
  2 worms
  An orc (D:5)
  10 ball pythons
  4 bats
  9 endoplasms
  4 giant cockroaches
  6 goblins
  14 hobgoblins
  2 jackals (D:4)
  3 quokkas
  2 frilled lizards (D:1)
  4 kobolds
  4 rats
87 creatures vanquished.

Vanquished Creatures (others)
  A plant (D:1)
1 creature vanquished.

Grand Total: 88 creatures vanquished

Notes
Turn   | Place    | Note
-------+----------+-------------------------------------------
     0 | D:1      | Dorkslayer the Octopode Brigand began the quest for the
                  | Orb.
     0 | D:1      | Reached XP level 1. HP: 14/14 MP: 1/1
   149 | D:1      | Reached XP level 2. HP: 19/19 MP: 2/2
   343 | D:1      | Reached skill level 1 in Unarmed Combat
   476 | D:1      | Found a faded altar of an unknown god.
   558 | D:1      | Reached XP level 3. HP: 24/24 MP: 3/3
   949 | D:1      | Reached skill level 6 in Stealth
  1193 | D:2      | Found Moin's Book Shoppe.
  1215 | D:2      | Reached XP level 4. HP: 12/29 MP: 4/4
  2205 | D:3      | Found an opulent altar of Gozag.
  2205 | D:3      | Found a hide-covered altar of Uskayaw.
  2210 | D:3      | Became a worshipper of Gozag Ym Sagoz the Greedy
  2733 | D:4      | Reached XP level 5. HP: 35/35 MP: 6/6
  2769 | D:4      | Reached skill level 7 in Stealth
  2769 | D:4      | Reached skill level 1 in Evocations
  2812 | D:4      | Reached skill level 1 in Spellcasting
  2916 | D:4      | Found a basalt altar of Yredelemnul.
  3079 | D:4      | Noticed an ogre
  3091 | D:4      | Killed an ogre
  3092 | D:4      | Reached XP level 6. HP: 41/41 MP: 6/8
  3157 | D:4      | Found a large runed translucent door.
  3157 | D:4      | Found a large runed translucent door.
  3239 | D:4      | Noticed antrollian's ghost (novice TeGl)
  3344 | D:4      | Gained mutation: You are strong-willed. (Will+) [potion of
                  | mutation]
  3344 | D:4      | Gained mutation: Your muscles are strong. (Str +4, Int/Dex
                  | -1) [potion of mutation]
  3344 | D:4      | Gained mutation: Your spells are a little harder to cast,
                  | but a little more powerful. [potion of mutation]
  3344 | D:4      | Gained mutation: One of your tentacles bears a spike.
                  | [potion of mutation]
  3391 | D:4      | Killed antrollian's ghost
  3392 | D:4      | Reached skill level 8 in Stealth
  3392 | D:4      | Reached XP level 7. HP: 27/45 MP: 9/9
  3474 | D:5      | Entered Level 5 of the Dungeon
  3545 | D:5      | Found Kuim's Lightly-Used Armoury.
  3819 | D:5      | Noticed a steam dragon
  3858 | D:5      | Reached XP level 8. HP: 12/51 MP: 11/11
  3878 | D:5      | HP: 3/76 [killer bee (3)]
  4152 | D:5      | HP: 1/51 [killer bee (4)]
  4154 | D:5      | Succumbed to a killer bee's poison

Illustrated notes

Levels and vault maps discovered:
D:1:      minmay_arrival_four_houses, layout_loops_corners,
          chequers_ecumenical_altar_lobes, minmay_misc_feat_tower
D:2:      layout_loops_ring, serial_co_window_serial, co_window_paths_a,
          co_window_paths_a, co_window_of_opportunity_a, co_window_corner_a,
          co_window_paths_a, co_window_paths_c, co_window_unsneaky_path_a,
          co_window_unsneaky_path_c, co_window_2corner, co_window_paths_d,
          serial_shops, shop, st_stairs_5
D:3:      layout_basic, jmf_multi_god_temple, minivault_24,
          nicolae_underground_beach
D:4:      layout_cave_pools, lemuel_coloured_pillars_altar,
          ebering_ghost_disaster_area
D:5:      minmay_spotlight, layout_basic, minmay_shop_damaged

Skill      XL: |  1  2  3  4  5  6  7 |
---------------+----------------------+-----
Unarmed Combat | 1 2 3 |  3.1
Stealth        | 6 7 8 |  8.7
Evocations     | 1 2 |  2.9
Spellcasting   | 1 2 |  2.6
Short Blades   | 3 |  3.7
Dodging        | 2 |  2.4
Fighting       | |  2.9
Throwing       | |  2.6
Shields        | |  0.5

Action                   |  1- 3 |  4- 6 |  7- 9 || total
-------------------------+-------+-------+-------++-------
Melee: Dagger            |    50 |    90 |    85 ||   225
       Constrict         |     8 |    14 |     6 ||    28
       Tentacles         |     4 |    19 |     6 ||    29
       Punch             |     2 |     3 |     1 ||     6
       Kick              |       |     4 |     3 ||     7
Throw: Dart              |     3 |     8 |       ||    11
  Use: Potion            |     1 |     9 |     2 ||    12
       Scroll            |       |     3 |    11 ||    14
 Stab: Sleeping          |    23 |    11 |     2 ||    36
       Distracted        |       |     1 |       ||     1
Armor: Skin              |     4 |     2 |    87 ||    93
Dodge: Dodged            |    13 |    39 |    20 ||    72
Block: Other             |       |     3 |    25 ||    28

Table legend: (Time is in decaauts)
 A = Elapsed time spent in this place.
 B = Non-inter-level travel time spent in this place.
 C = Inter-level travel time spent in this place.
 D = Time resting spent in this place.
 E = Time spent auto-exploring this place.
 F = Levels seen in this place.
 G = Mean time per level.
                   A        B        C        D        E       F      G
               +--------+--------+--------+--------+--------+-----+--------+
         Total |   4086 |   4086 |      0 |    189 |   2232 |   5 |  817.2 |
       Dungeon |   4086 |   4086 |      0 |    189 |   2232 |   5 |  817.2 |
               +--------+--------+--------+--------+--------+-----+--------+

Top non-repeatable levels by time:
     D:2: 1079 daAuts
     D:1: 983 daAuts
     D:4: 734 daAuts
     D:5: 647 daAuts
     D:3: 641 daAuts
